 Dungeon Crawl Stone Soup version 0.31-a0-165-g3f4f80340b (webtiles) character file.

Game seed: 18106859547060440128

139 qw the Chopper (level 5, -19/32 HPs)
             Began as a Gargoyle Fighter on June 13, 2023.
             Demolished by an ogre
             ... wielding a +0 giant club
              (24 damage)
             ... on level 3 of the Dungeon.
             The game lasted 00:01:03 (2561 turns).

qw the Chopper (Gargoyle Fighter)                   Turns: 2561, Time: 00:01:03

Health: -19/32     AC: 16    Str: 28    XL:     5   Next: 22%
Magic:  5/5        EV:  9    Int:  8    God:
Gold:   146        SH:  4    Dex:  9    Spells: 4/4 levels left

rFire   . . .        Y - +0 war axe (flame)
rCold   . . .        c - +0 buckler
rNeg    + . .        j - +4 scale mail
rPois   inf          e - +0 helmet
rElec   +            (no cloak)
rCorr   .            (no gloves)
SInv    .            (no boots)
Will    .....        (no amulet) Stlth
                     m - +6 ring of strength
HPRegen 0.25/turn    (no ring)
MPRegen 0.09/turn

%: no passive effects
@: attractive
A: sickness immunity, AC +4, negative energy resistance 1, electricity
resistance, torment resistance 1, petrification resistance
a: no special abilities


You were on level 3 of the Dungeon.
You visited 1 branch of the dungeon, and saw 4 of its levels.

You collected 146 gold pieces.


Innate Abilities, Weirdness & Mutations

You are immune to sickness and miasma.
Your stone body is resilient. (AC +4)
You are immune to poison.
You resist negative energy. (rN+)
You are resistant to electric shocks. (rElec)
You are resistant to unholy torment.
You are immune to petrification.


   Skills:
 - Level 3.2 Fighting
 + Level 4.5 Axes
 - Level 1.0 Throwing
 - Level 3.2 Armour
 - Level 3.2 Shields


You had 4 spell levels left.
You didn't know any spells.
Your spell library was empty.

Inventory:

Hand Weapons
 Y - a +0 war axe of flaming (weapon)
Missiles
 f - 2 javelins (quivered)
Armour
 c - a +0 buckler (worn)
 e - a +0 helmet (worn)
 j - a +4 scale mail (worn)
Jewellery
 m - a +6 ring of strength (left hand)
Scrolls
 p - a scroll of identify
Potions
 b - a potion of heal wounds {unknown}
 d - a potion of might
 g - 3 potions of mutation
 h - a potion of magic {unknown}
 i - a potion of experience {unknown}
 l - a potion of attraction
 n - 2 potions of curing
 o - a potion of enlightenment {unknown}

Dungeon Overview and Level Annotations

Branches:
Dungeon (4/15)
 Temple: D:4-7

Altars:
Dithmenos
Fedhas
Nemelex Xobeh

Annotations:
D:3 3 runed translucent doors, qw's ghost, amateur GrHu; qw's ghost, amateur NaHu


Message History

The ogre is attracted toward you.
There is a stone staircase leading up here.
There are monsters nearby!
Waypoint 3 assigned to D:4.
You hit the endoplasm. You burn the endoplasm.
The endoplasm is moderately wounded.
The endoplasm hits you but does no damage.
The iguana is attracted toward you. The ogre is attracted toward you.
You barely miss the endoplasm.
The endoplasm is moderately wounded.
You barely miss the iguana. You hit the ogre but do no damage.
The ogre barely misses you.
The endoplasm hits you but does no damage.
You block the iguana's attack.
You barely miss the endoplasm.
The endoplasm is moderately wounded.
You barely miss the ogre. You hit the iguana. You burn the iguana.
The endoplasm freezes you.
You are frozen.
A kobold comes into view. It is wielding a +0 dagger.
The iguana bites you but does no damage.
The ogre hits you with a +0 giant club! The iguana barely misses you.
The endoplasm freezes you.
You are frozen.
The kobold is attracted toward you.
2558 ||| STAIRDANCE The ogre hits you with a +0 giant club.
You block the endoplasm's attack. The iguana bites you!
You climb upwards.
Level annotation: 3 runed translucent doors, qw's ghost, amateur GrHu; qw's ghost, amateur NaHu
There is a stone staircase leading down here.
You hit the iguana. You burn the iguana.
The iguana is heavily wounded.
You barely miss the ogre. You slash the endoplasm! You burn the endoplasm.
You kill the endoplasm!
The iguana closely misses you.
You barely miss the iguana.
The iguana is heavily wounded.
You hit the ogre. You burn the ogre.
The ogre hits you with a +0 giant club!!
Ouch! That really hurt!
You die...

############ #..........#
#..........# #(.........#
#..........# #..........#
#..........# #......@l..#
##.......O..# #<).........#
#.#####.##### #.......##
#.¤b¤~...# #.¤b~~~..# #####
#.¤¤_~¤..#####?8$.##
#########¤b¤.~~..##bb#.$..8#


You could see an ogre and an iguana.

Vanquished Creatures
  A scorpion (D:3)
  An adder (D:2)
  A white imp (D:3)
  A dart slug (D:2)
  4 orcs (D:3)
  4 bats
  5 endoplasms
  2 giant cockroaches (D:1)
  5 goblins
  5 hobgoblins
  4 jackals (D:1)
  8 kobolds
  2 quokkas (D:2)
  3 ball pythons (D:2)
  3 frilled lizards
  6 rats
55 creatures vanquished.

Notes
Turn   | Place    | Note
-------+----------+-------------------------------------------
     0 | D:1      | qw the Gargoyle Fighter began the quest for the Orb.
     0 | D:1      | Reached XP level 1. HP: 14/14 MP: 1/1
     0 | D:1      | 0 ||| qw: Version: 0.2-a-29-gc1b59c4
     0 | D:1      | 0 ||| qw: Game counter: 4762
     0 | D:1      | 0 ||| qw: Always use a shield: true
     0 | D:1      | 0 ||| qw: God list: Okawaru
     0 | D:1      | 0 ||| qw: Allow faded altars: false
     0 | D:1      | 0 ||| qw: Do Orc after D:15 true
     0 | D:1      | 0 ||| qw: Do second Lair branch before Depths: true
     0 | D:1      | 0 ||| qw: Lair rune preference: random
     0 | D:1      | 0 ||| qw: Plans: Normal, Zot:1-4, Slime:5, God:TSO, Crypt,
                  | Tomb, Abyss, Pan, Hells, Win
     0 | D:1      | 0 ||| PLANNING D:1-11
    34 | D:1      | Reached skill level 2 in Axes
   134 | D:1      | Reached XP level 2. HP: 13/19 MP: 2/2
   831 | D:1      | 831 ||| UPGRADING to +0 helmet.
   836 | D:1      | 836 ||| UPGRADING to +4 scale mail.
   846 | D:1      | 846 ||| DROPPING +0 scale mail.
   847 | D:1      | 847 ||| READING 2 scrolls labelled ASUNNU TUEXOXO.
   848 | D:1      | 848 ||| READING scroll labelled MAFUKLOIDA.
   849 | D:1      | 849 ||| READING scroll labelled ENANTEAFF NOUPH.
   850 | D:1      | 850 ||| DROPPING scroll of poison.
   906 | D:2      | Reached skill level 3 in Axes
   906 | D:2      | Reached XP level 3. HP: 23/23 MP: 3/3
   938 | D:2      | 938 ||| Stepping ~*~*~tactically~*~*~ (hiding).
  1184 | D:2      | 1184 ||| DROPPING +0 club.
  1256 | D:2      | 1256 ||| Stepping ~*~*~tactically~*~*~ (stealth).
  1258 | D:2      | 1258 ||| Stepping ~*~*~tactically~*~*~ (hiding).
  1396 | D:2      | Found a sparkling altar of Nemelex Xobeh.
  1439 | D:2      | 1439 ||| Stepping ~*~*~tactically~*~*~ (hiding).
  1908 | D:2      | 1908 ||| UPGRADING to +6 ring of strength.
  1909 | D:2      | 1909 ||| READING scroll labelled GIRUZEHOHO.
  1910 | D:2      | 1910 ||| READING scroll labelled YKHLAL HENUYTAUVVOI.
  1911 | D:2      | 1911 ||| DROPPING +0 whip.
  1912 | D:2      | 1912 ||| READING 2 scrolls of identify.
  1912 | D:2      | 1912 ||| IDENTIFYING black potion
  1929 | D:3      | Found a shadowy altar of Dithmenos.
  1961 | D:3      | Reached skill level 1 in Throwing
  1961 | D:3      | Found a runed translucent gate.
  1961 | D:3      | Found a runed translucent gate.
  1961 | D:3      | Noticed qw's ghost (amateur NaHu)
  1962 | D:3      | Found a runed translucent gate.
  1962 | D:3      | Noticed qw's ghost (amateur NaHu)
  1962 | D:3      | Noticed qw's ghost (amateur GrHu)
  1963 | D:3      | Noticed qw's ghost (amateur GrHu)
  1963 | D:3      | Noticed qw's ghost (amateur NaHu)
  2039 | D:3      | Noticed a scorpion
  2041 | D:3      | 2041 ||| Stepping ~*~*~tactically~*~*~ (stealth).
  2046 | D:3      | Killed a scorpion
  2047 | D:3      | Reached skill level 4 in Axes
  2047 | D:3      | Reached XP level 4. HP: 28/28 MP: 4/4
  2055 | D:3      | Reached XP level 5. HP: 28/32 MP: 5/5
  2076 | D:3      | 2076 ||| Stepping ~*~*~tactically~*~*~ (hiding).
  2078 | D:3      | 2078 ||| Stepping ~*~*~tactically~*~*~ (hiding).
  2080 | D:3      | 2080 ||| Stepping ~*~*~tactically~*~*~ (hiding).
  2156 | D:3      | 2156 ||| Stepping ~*~*~tactically~*~*~ (stealth).
  2157 | D:3      | 2157 ||| Stepping ~*~*~tactically~*~*~ (stealth).
  2158 | D:3      | 2158 ||| Stepping ~*~*~tactically~*~*~ (stealth).
  2200 | D:3      | Found a blossoming altar of Fedhas.
  2536 | D:3      | 2536 ||| READING scroll labelled GOSIRE SATSIME.
  2537 | D:3      | 2537 ||| DRINKING 2 white potions.
  2538 | D:3      | 2538 ||| DRINKING 3 silvery potions.
  2554 | D:4      | Noticed an ogre
  2558 | D:4      | 2558 ||| STAIRDANCE
  2558 | D:4      | HP: 4/32 [iguana (11)]
  2561 | D:3      | Demolished by an ogre

Levels and vault maps discovered:
D:1:      minmay_arrival_split_and_join, layout_basic, minmay_strange_pillars,
          minmay_tetromino_l2
D:2:      layout_basic, basic_altar
D:3:      layout_rooms, mainiacjoe_overflow_catwalk, fedhas_altar_fruit_tree,
          gammafunk_ghost_cemetery, kennysheep_cluttered_room
D:4:      layout_cave_pools, biasface_ghost_orc_armoury, minmay_bent,
          uniq_natasha

Skill      XL: |  1  2  3 |
---------------+----------+-----
Axes           | 2 3 4 |  4.5
Throwing       | 1 |  1.0
Fighting       | |  3.2
Armour         | |  3.2
Shields        | |  3.2

Action                     |  1- 3 |  4- 6 || total
---------------------------+-------+-------++-------
  Melee: War axe           |   111 |    22 ||   133
  Throw: Javelin           |    30 |    12 ||    42
    Use: Scroll            |     6 |     1 ||     7
         Potion            |       |     2 ||     2
 Armour: Scale mail        |    75 |    10 ||    85
  Dodge: Dodged            |    46 |    11 ||    57
  Block: Buckler           |    14 |     3 ||    17

Table legend:
 A = Non-vault XP
 B = Vault XP
 C = Vault XP percentage of total XP
 D = Non-vault monster count
 E = Vault monster count
 F = Vault count percentage of total count
                 A         B        C        D         E       F
            +---------+---------+-------+---------+---------+-------
      Total |     195 |       4 |   2.0 |      53 |       2 |   3.6
            +---------+---------+-------+---------+---------+-------
        D:1 |      25 |       4 |  13.8 |      14 |       2 |  12.5
        D:2 |      44 |       0 |   0.0 |      20 |       0 |   0.0
        D:3 |     126 |       0 |   0.0 |      19 |       0 |   0.0
            +---------+---------+-------+---------+---------+-------
